 Dungeon Crawl Stone Soup version 0.18-a0-888-gdb73dea (webtiles) character file.

37 Duffy the Ruffian (level 3, -1/36 HPs)
             Began as a Troll Fighter on Dec 23, 2015.
             Slain by an adder (3 damage)
             ... on level 2 of the Dungeon.
             The game lasted 00:01:11 (1376 turns).

Duffy the Ruffian (Troll Fighter)                   Turns: 1376, Time: 00:01:11

Health: -1/36      AC:  2    Str: 24    XL:     3   Next: 23%
Magic:  2/2        EV: 10    Int:  4    God:
Gold:   75         SH:  0    Dex: 10    Spells: 0 memorised, 2 levels left

rFire  . . .     SeeInvis .       - Unarmed
rCold  . . .     Gourm    +     a - +0 robe
rNeg   . . .     Faith    .     (no shield)
rPois  .         Spirit   .     (helmet restricted)
rElec  .         Dismiss  +     (no cloak)
rCorr  .         Reflect  .     (gloves unavailable)
SustAt .         Harm     .     (boots unavailable)
MR     .....                    i - amulet of dismissal
Stlth  +.........               (no ring)
                                v - -3 ring of protection (curse)

@: lethally poisoned (-1 -> -1), not resistant to hostile enchantments, very
unstealthy
A: unfitting armour, claws 3, fast metabolism 3, gourmand, regeneration 2,
shaggy fur 1, tough skin 2
a: no special abilities


You were on level 2 of the Dungeon.
You were full.

You visited 1 branch of the dungeon, and saw 2 of its levels.

You collected 75 gold pieces.


Innate Abilities, Weirdness & Mutations

You are too large for most types of armour.
You have claws for hands.
Your metabolism is lightning-fast.
You like to eat raw meat.
You heal very quickly.
You are covered in fur (AC +1).
You have very tough skin (AC +2).


   Skills:
 - Level 2.4 Fighting
 - Level 2.4 Dodging
 - Level 2.4 Shields
 + Level 3.7 Unarmed Combat


You had 2 spell levels left.
You didn't know any spells.

Inventory:

Missiles
 k - 5 tomahawks (quivered)
 l - 3 needles of paralysis
 r - 15 poisoned needles
Armour
 a - a +0 robe (worn)
 b - a +0 shield
Jewellery
 i - an amulet of dismissal (around neck)
 v - a cursed -3 ring of protection (left claw)
Scrolls
 e - 3 scrolls of identify {unknown}
 f - 2 scrolls of remove curse {unknown}
 h - a scroll of amnesia {unknown}
 m - a scroll of enchant armour {unknown}
 o - a scroll of noise {unknown}
 q - 2 scrolls of random uselessness {unknown}
 s - a scroll of magic mapping {unknown}
 t - a scroll of teleportation {unknown}
Potions
 c - a potion of might
 g - 2 potions of agility
 n - a potion of magic {unknown}
 u - a potion of cure mutation {unknown}
 w - 2 potions of curing {unknown}
Comestibles
 d - 3 bread rations
 j - a beef jerky
 p - 2 fruits

Dungeon Overview and Level Annotations

Branches:
Dungeon (2/15)

Altars:


Message History

The quokka completely misses you. The quokka bites you.
You scratch the quokka but do no damage.
The quokka is severely wounded.
The quokka barely misses you.
An adder comes into view.
You claw the quokka!
You kill the quokka!
The adder moves out of view.
An adder is nearby!
An adder is nearby!
An adder is nearby!
The adder misses you. The adder misses you. The adder barely misses you.
The adder bites you. The adder closely misses you. The adder bites you.
The adder bites you but does no damage. The adder bites you.
The adder barely misses you. The adder closely misses you. The adder bites you.
You are poisoned.
The adder poisons you!
You feel sick. The adder barely misses you. The adder closely misses you.
The adder completely misses you.
You feel sick. The adder bites you. The adder bites you. The adder bites you.
The adder barely misses you.
You feel sick. The adder bites you but does no damage. The adder bites you.
The adder bites you. The adder bites you.
The adder bites you but does no damage.
You feel sick. The adder barely misses you. The adder barely misses you.
The adder bites you.
You die...

.............# .#.#.#
########.....# #.###
.............####.#.#
#######...........#.# ....#
#.##.#####..#.# ###.#
#.##.# #.# #.#
#.##.########.#####
###'###.................#
#..........###..@S..#.....#
#..........# #......#######
#............+.....(....
##.........###.....#####
#.........# #.......
#.........# ####.#.##
#.........# #!#...
#.....)...# #.#.#.#
#.........# .# .#


You could see an adder.

Action                   || total
-------------------------++-------
Melee: Unarmed           ||    56
  Eat: Chunk             ||    15

Notes
Turn   | Place    | Note
--------------------------------------------------------------
     0 | D:1      | Duffy the Troll Fighter began the quest for the Orb.
     0 | D:1      | Reached XP level 1. HP: 22/22 MP: 0/0
   271 | D:1      | Reached XP level 2. HP: 29/29 MP: 1/1
   338 | D:1      | Reached skill level 3 in Unarmed Combat
   807 | D:1      | Reached XP level 3. HP: 36/36 MP: 2/2
  1376 | D:2      | Slain by an adder

Vault maps used:
D:1:      enne_arrival_octagon_isle

Vanquished Creatures
  A gnoll
  2 giant cockroaches
  6 hobgoblins
  3 kobolds
  4 bats
  3 giant newts
  3 goblins
  A quokka
  6 rats
29 creatures vanquished.
